 Dungeon Crawl Stone Soup version 0.21-a0-508-gf08a75f (webtiles) character file.

1 Goblin1989 the Insei (level 1, 0/13 HPs)
             Began as an Octopode Transmuter on Nov 28, 2017.
             Slain by a jackal (2 damage)
             ... on level 1 of the Dungeon.
             The game lasted 00:00:40 (29 turns).

Goblin1989 the Insei (Octopode Transmuter)            Turns: 29, Time: 00:00:41

Health: 0/13       AC:  1    Str:  9    XL:     1   Next: 20%
Magic:  3/3        EV: 13    Int: 15    God:
Gold:   0          SH:  0    Dex: 12    Spells: 3/4 levels left

rFire    . . .     SeeInvis .     - Unarmed
rCold    . . .     Gourm    .   (no shield)
rNeg     . . .     Faith    .   (helmet restricted)
rPois    .         Spirit   .   (no amulet)
rElec    .         Reflect  .   (no ring)
rCorr    .         Harm     .   (no ring)
MR       .....                  (no ring)
Stlth    ++........             (no ring)
HPRegen  0.04/turn              (no ring)
MPRegen  0.08/turn              (no ring)
                                (no ring)
                                (no ring)

@: no status effects
A: almost no armour, stealthy swim, amphibious, 8 rings, constrict 8, camouflage
1, gelatinous body 1
a: no special abilities


You were on level 1 of the Dungeon.
You were not hungry.

You visited 1 branch of the dungeon, and saw 1 of its levels.

Inventory:

Missiles
 a - 12 arrows
Books
 b - a book of Changes

   Spells                             Type                      Level
   a - Beastly Appendage              Transmutation                1
   b - Sticks to Snakes               Transmutation                2
   c - Spider Form                    Transmutation/Poison         3
   d - Ice Form                       Ice/Transmutation            4
   e - Blade Hands                    Transmutation                5
Comestibles
 e - a bread ration {@e1}


   Skills:
 + Level 1.0 Fighting
 + Level 2.0 Dodging
 * Level 3.0 Unarmed Combat
 + Level 2.0 Spellcasting
 + Level 2.0 Transmutations


You had 3 spell levels left.
You knew the following spells:

 Your Spells              Type           Power        Failure   Level  Hunger
a - Beastly Appendage     Tmut           #.....       10%         1    #......


Dungeon Overview and Level Annotations

Branches:
Dungeon (1/15)

Altars:


Innate Abilities, Weirdness & Mutations

You cannot wear most types of armour.
You are very stealthy in the water. (Stealth+)
You are amphibious.
You can wear up to eight rings at the same time.
You can use your tentacles to constrict eight enemies at once.
Your skin changes colour to match your surroundings (Stealth+).
Your rubbery body absorbs attacks. (AC +1, EV +1)


Message History

e - a bread ration Welcome, Goblin1989 the Octopode Transmuter.
The bosom of this dungeon contains the fabled artefact, the Orb of Zot.
Press ? for a list of commands and other information.
Found a staircase leading out of the dungeon.
A hobgoblin comes into view. It is wielding a club.
The hobgoblin shouts!
You hear a bark! x2
You tentacle-slap the hobgoblin but do no damage.
You grab the hobgoblin. You constrict the hobgoblin.
The hobgoblin closely misses you.
You tentacle-slap the hobgoblin but do no damage.
The hobgoblin is moderately wounded.
You constrict the hobgoblin. The hobgoblin misses you.
You tentacle-slap the hobgoblin but do no damage.
The hobgoblin is heavily wounded.
You constrict the hobgoblin.
A jackal comes into view.
You tentacle-slap the hobgoblin.
You kill the hobgoblin!
A leopard gecko comes into view.
You barely miss the leopard gecko.
The leopard gecko hisses angrily.
Your grab misses the leopard gecko. Your squeeze misses the leopard gecko.
The leopard gecko closely misses you.
You miss the leopard gecko. Your grab misses the leopard gecko.
The leopard gecko bites you.
You take 3 damage, and have 10/13 hp.
MASSIVE DAMAGE!!
You closely miss the jackal. Your grab misses the jackal.
The leopard gecko bites you. The jackal closely misses you.
A jackal comes into view.
You take 3 damage, and have 7/13 hp.
MASSIVE DAMAGE!!
You are too injured to fight recklessly!
You are too injured to fight recklessly!
The leopard gecko bites you but does no damage.
You barely miss the leopard gecko.
The jackal barks!
Your grab misses the leopard gecko.
You hear a bark!
The leopard gecko misses you.
You closely miss the leopard gecko. You grab the leopard gecko.
You squeeze the leopard gecko, but do no damage.
You constrict the leopard gecko. The leopard gecko barely misses you.
The jackal barely misses you.
You release your grip on the leopard gecko.
The jackal barely misses you.
You tentacle-slap the jackal. Your grab misses the jackal.
You squeeze the jackal, but do no damage.
The jackal is heavily wounded.
The jackal barely misses you.
A jackal comes into view.
You closely miss the jackal.
The jackal barks!
You grab the jackal.
The jackal is heavily wounded.
You constrict the jackal. The jackal bites you.
A jackal comes into view.
You take 1 damage, and have 6/13 hp.
You release your grip on the jackal.
You tentacle-slap the jackal. Your grab misses the jackal.
Your squeeze misses the jackal.
The jackal is moderately wounded.
The jackal closely misses you. The jackal bites you.
The leopard gecko closely misses you.
You tentacle-slap the leopard gecko. Your grab misses the leopard gecko.
The leopard gecko is almost dead.
The leopard gecko bites you.
* * * LOW HITPOINT WARNING * * *
The jackal closely misses you.
You take 1 damage, and have 5/13 hp.
The jackal bites you.
* * * LOW HITPOINT WARNING * * *
You take 3 damage, and have 2/13 hp.
MASSIVE DAMAGE!!
The jackal bites you.
You die...

██.█.█.█.█..
█.█.█.█.█.█
██.≈≈≈≈≈.██
█.█≈...≈█.█
███h≈<..≈.██
█..█≈..l≈█.█
....█h≈≈≈≈h.██
.....▲█h█.█.█.█
.... █.█@█.█.██
... ▲█.█.█[█..
... ▲█ █.█.█..
█████.


You could see a leopard gecko and 4 jackals.

Vanquished Creatures
  A hobgoblin (D:1)
1 creature vanquished.

Notes
Turn   | Place    | Note
-------+----------+-------------------------------------------
     0 | D:1      | Goblin1989 the Octopode Transmuter began the quest for the Orb.
     0 | D:1      | Reached XP level 1. HP: 13/13 MP: 3/3
    29 | D:1      | Slain by a jackal

Vault maps used:
D:1:      ncdulo_watergridlock, minmay_tetromino_s2

Action                   || total
-------------------------++-------
Melee: Unarmed           ||    13
       Constrict         ||     3
       Tentacles         ||     2
Armor: Skin              ||     1
Dodge: Dodged            ||    12

Table legend:
 A = Spawn XP
 B = Non-spawn XP
 C = Spawn XP percentage of total XP
 D = Spawn monster count
 E = Non-spawn monster count
 F = Spawn count percentage of total count
 G = Total turns spent on level
                    A         B        C        D         E        F      G
               +---------+---------+-------+---------+---------+-------+---------
         Total |       0 |       2 |   0.0 |       0 |       1 |   0.0 |    29
               +---------+---------+-------+---------+---------+-------+---------
           D:1 |       0 |       2 |   0.0 |       0 |       1 |   0.0 |    29
               +---------+---------+-------+---------+---------+-------+---------

Vault maps used:
D:1:      ncdulo_watergridlock, minmay_tetromino_s2
